 Dungeon Crawl Stone Soup version 0.31-a0-934-gf4fcaacff8 (webtiles) character file.

Game seed: 14010792990763041795

587 Bnni the Poker (level 7, -4/64 HPs)
             Began as a Hill Orc Monk on Oct 20, 2023.
             Was a Believer of Beogh.
             Constricted to death by Pikel (6 damage)
             ... on level 4 of the Dungeon.
             The game lasted 00:06:25 (4214 turns).

Bnni the Poker (Hill Orc Monk)                      Turns: 4214, Time: 00:06:25

Health: -4/64      AC:  6    Str: 16    XL:     7   Next: 38%
Magic:  7/7        EV:  8    Int: 10    God:    Beogh [**....]
Gold:   271        SH:  0    Dex: 13    Spells: 6/6 levels left

rFire   + . .        u - +2 spear of Peen {venom, +Blink rElec rF+}
rCold   . . .        d - orb {light}
rNeg    . . .        v - +0 ring mail {rPois}
rPois   +            r - +0 helmet
rElec   +            (no cloak)
rCorr   .            (no gloves)
SInv    .            (no boots)
Will    .....        (no amulet)
Stlth   +            (no ring)
HPRegen 0.30/turn    (no ring)
MPRegen 0.10/turn

%: no passive effects
@: grasped by roots, glowing, constricted
A: no striking features
a: Renounce Religion, Evoke Blink, Smiting


You were on level 4 of the Dungeon.
You worshipped Beogh.
Beogh was pleased with you.
You visited 1 branch of the dungeon, and saw 5 of its levels.

You collected 271 gold pieces.

Inventory:

Hand Weapons
 n - a +3 trident
 u - the +2 spear of Peen (weapon) {venom, +Blink rElec rF+}
   (You took it off a kobold on level 3 of the Dungeon)

   rF+:       It protects you from fire.
   rElec:     It insulates you from electricity.
   +Blink:    It lets you blink.
Armour
 d - an orb of light (worn)
 r - a +0 helmet (worn)
 v - a +0 ring mail of poison resistance (worn)
Jewellery
 g - a ring of wizardry
 k - a ring of ice
Wands
 o - a wand of flame (17)
 t - a wand of light (10)
Scrolls
 a - a scroll of blinking {unknown}
 b - a scroll of fear {unknown}
 f - a scroll of enchant armour {unknown}
 i - a scroll of vulnerability {unknown}
 l - a scroll of fog {unknown}
Potions
 c - a potion of ambrosia
 h - a potion of resistance {unknown}
 j - a potion of invisibility
 m - 3 potions of enlightenment
 p - 2 potions of curing
 s - a potion of cancellation {unknown}


   Skills:
 + Level 6.4 Fighting
 * Level 7.6 Polearms
 - Level 2.4 Dodging


You had 6 spell levels left.
You didn't know any spells.
Your spell library contained the following spells:

 Spells                   Type           Power      Damage    Failure   Level
 Shock                    Conj/Air       0%         1d3       58%         1
 Swiftness                Air            0%         N/A       91%         3
 Airstrike                Air            0%         2d(0-16)  100%        4


Dungeon Overview and Level Annotations

Branches:
Dungeon (5/15)
 Temple: D:4-7

Altars:

Annotations:
D:4 Pikel


Message History

The lemure hits you.
You barely miss the lemure. The lemure hits you.
* * * LOW HITPOINT WARNING * * *
Reach: u) +2 spear of Peen {venom, +Blink rElec rF+}
Press: ? - help, Dir - move target, f - Pikel
Aim: Pikel, wielding a +2 whip of freezing, wearing a +0 robe and carrying a wand of roots (heavily wounded, poisoned, haloed, about 23% to evade the +2 spear of Peen)
The lemure is in the way.
You barely miss the lemure.
Unknown command.
Reach: u) +2 spear of Peen {venom, +Blink rElec rF+}
Press: ? - help, Dir - move target, f/p - Pikel
Aim: Pikel, wielding a +2 whip of freezing, wearing a +0 robe and carrying a wand of roots (heavily wounded, poisoned, haloed, about 23% to evade the +2 spear of Peen)
You hit Pikel.
Pikel looks even sicker.
Pikel is severely wounded.
Unknown command.
You hit Pikel but do no damage.
Pikel looks as sick as possible!
Pikel is severely wounded.
Pikel hits you with a +2 whip of freezing!
* * * LOW HITPOINT WARNING * * *
Pikel freezes you.
* * * LOW HITPOINT WARNING * * *
Unknown command.
You barely miss Pikel.
Pikel is severely wounded.
Unknown command.
You puncture Pikel!
Pikel is almost dead.
Pikel zaps a wand.
The roots erupt in riotous growth!
The grasping roots grab you!
Pikel is unaffected.
The grasping roots constrict you.
* * * LOW HITPOINT WARNING * * *
Unknown command.
You hit Pikel but do no damage.
Pikel is almost dead.
Pikel hits you with a +2 whip of freezing.
* * * LOW HITPOINT WARNING * * *
Pikel freezes you.
* * * LOW HITPOINT WARNING * * *
The grasping roots constrict you.
You die...
Pikel says, "See you in Hell!"

# #..........#
#.##....#
######.........#
##.##.####
........)......#
###..##.##
######.........#
##...###..###
#.........# #..###
##.... #....>....#
#.## #####
#.....##.## ##.## #
#.....#..5#####..o##
##......#5K@....#..#
##...#...#####...##
##.###.## ##)## #.#
#.# #.# #.# #.# #)#
#.# #.# #[# #.###.##
##.##
#.##...#####...##
#.#..#.......#..#


You could see Pikel (extremely poisoned), 2 lemures and a neutral orc priest
(wandering).

Vanquished Creatures
  3 scorpions (D:4)
  A howler monkey (D:3)
  2 hounds (D:4)
  A gnoll bouda (D:4)
  A jelly (D:4)
  An orc priest (D:4)
  Robin (D:3)
  5 gnolls (D:4)
  6 adders
  2 worms
  4 dart slugs
  12 orcs
  A bat (D:2)
  3 endoplasms
  3 giant cockroaches
  11 goblins
  10 hobgoblins
  4 quokkas
  5 ball pythons
  9 frilled lizards
  6 kobolds
  3 rats
94 creatures vanquished.

Vanquished Creatures (others)
  An orc (D:4)
  An endoplasm (D:4)
2 creatures vanquished.

Grand Total: 96 creatures vanquished

Notes
Turn   | Place    | Note
-------+----------+-------------------------------------------
     0 | D:1      | Bnni the Hill Orc Monk began the quest for the Orb.
     0 | D:1      | Reached XP level 1. HP: 19/19 MP: 1/1
   305 | D:1      | Reached XP level 2. HP: 21/27 MP: 2/2
   868 | D:1      | Reached skill level 4 in Polearms
  1134 | D:2      | Reached XP level 3. HP: 13/33 MP: 3/3
  1654 | D:2      | Found a faded altar of an unknown god.
  2170 | D:3      | Reached XP level 4. HP: 41/41 MP: 4/4
  2241 | D:3      | Noticed Robin
  2269 | D:3      | Killed Robin
  2270 | D:3      | Reached skill level 5 in Polearms
  2276 | D:3      | You fall into a shaft and drop 1 floor!
  2359 | D:4      | Noticed a scorpion
  2378 | D:4      | Killed a scorpion
  2379 | D:4      | Reached skill level 5 in Fighting
  2379 | D:4      | Reached XP level 5. HP: 24/48 MP: 5/5
  2541 | D:4      | Became a worshipper of Beogh the Brigand
  2541 | D:4      | Reached * piety under Beogh
  2541 | D:4      | Reached ** piety under Beogh
  2605 | D:4      | Reached skill level 6 in Polearms
  2605 | D:4      | Reached XP level 6. HP: 51/56 MP: 6/6
  2895 | D:3      | Identified the +2 spear of Peen {venom, +Blink rElec rF+}
  3518 | D:4      | Reached skill level 7 in Polearms
  3518 | D:4      | Reached XP level 7. HP: 32/63 MP: 7/7
  4162 | D:5      | Entered Level 5 of the Dungeon
  4177 | D:5      | Noticed Pikel
  4214 | D:4      | HP: 2/64 [Pikel/+2 whip of freezing (2)]
  4214 | D:4      | Constricted to death by Pikel

Illustrated notes

Levels and vault maps discovered:
D:1:      dpeg_arrival_snail, layout_basic, serial_forest,
          infiniplex_forest_clump_medium, infiniplex_forest_clump_cross,
          infiniplex_forest_clump_medium, infiniplex_forest_pool,
          infiniplex_forest_lined_room_2, infiniplex_forest_lined_3,
          serial_bayou_ford_a
D:2:      wad_pebble_path, layout_basic, shapermc_ecumenical_altar_petra,
          minmay_lizard_king
D:3:      layout_basic, uniq_robin
D:4:      layout_rooms, minmay_misc_feat_tower
D:5:      layout_cave_pods, uniq_pikel

Skill      XL: |  1  2  3  4  5  6 |
---------------+-------------------+-----
Fighting       | 4 5 6 |  6.4
Polearms       | 4 5 6 7 |  7.6
Dodging        | |  2.4

Action                     |  1- 3 |  4- 6 |  7- 9 || total
---------------------------+-------+-------+-------++-------
  Melee: Spear             |    68 |    54 |    66 ||   188
         Hand axe          |    20 |    89 |       ||   109
         Dagger            |       |    10 |       ||    10
 Invoke: Convert to Beogh  |       |     1 |       ||     1
    Use: Scroll            |       |       |     4 ||     4
 Armour: Robe              |    28 |    30 |       ||    58
         Ring mail         |       |    41 |    28 ||    69
  Dodge: Dodged            |    25 |    74 |    24 ||   123

Table legend: (Time is in decaauts)
 A = Elapsed time spent in this place.
 B = Non-inter-level travel time spent in this place.
 C = Inter-level travel time spent in this place.
 D = Time resting spent in this place.
 E = Time spent auto-exploring this place.
 F = Levels seen in this place.
 G = Mean time per level.
                   A        B        C        D        E       F      G
               +--------+--------+--------+--------+--------+-----+--------+
         Total |   4201 |   4086 |    115 |    387 |   3084 |   5 |  840.2 |
       Dungeon |   4201 |   4086 |    115 |    387 |   3084 |   5 |  840.2 |
               +--------+--------+--------+--------+--------+-----+--------+

Top non-repeatable levels by time:
     D:2: 1141 daAuts
     D:4: 1068 daAuts
     D:1: 1031 daAuts
     D:3: 925 daAuts
     D:5: 35 daAuts
